 Dungeon Crawl Stone Soup version 0.32-a0-391-gce5c0aab1b (webtiles) character file.

Game seed: 7704981054145658974

506 zeratav the Firebug (level 7, -3/41 HPs)
             Began as an Octopode Fire Elementalist on Feb 19, 2024.
             Slain by an iguana (11 damage)
             ... on level 4 of the Dungeon.
             The game lasted 00:05:05 (3938 turns).

zeratav the Firebug (Octopode Fire Elementalist)    Turns: 3938, Time: 00:05:06

Health: -3/41      AC:  1    Str:  7    XL:     7   Next: 18%
Magic:  1/10       EV: 13    Int: 20    God:
Gold:   223        SH:  0    Dex: 12    Spells: 7/10 levels left

rFire   + . .        o - +0 dagger {short}
rCold   . . .        (no shield)
rNeg    . . .        (helmet restricted)
rPois   .            (no amulet)
rElec   .            c - ring of protection from fire
rCorr   .            (no ring)
SInv    .            (no ring)
Will    .....        (no ring)
Stlth   ++++         (no ring)
HPRegen 0.26/turn    (no ring)
MPRegen 0.12/turn    (no ring)
                     (no ring)

%: no passive effects
@: no status effects
A: almost no armour, amphibious, 8 rings, camouflage 1, gelatinous body 1,
(nimble swimmer 1), tentacles
a: no special abilities


You were on level 4 of the Dungeon.
You visited 1 branch of the dungeon, and saw 4 of its levels.

You collected 223 gold pieces.


Innate Abilities, Weirdness & Mutations

You cannot wear most types of armour.
You are amphibious.
You can wear up to eight rings at the same time.
Your skin changes colour to match your surroundings (Stealth+).
Your rubbery body absorbs attacks. (AC +1, EV +1)
((You are camouflaged when in or above water. (Stealth+)))
You have tentacles for arms and can constrict up to eight enemies at once.


   Skills:
 - Level 2.0 Dodging
 - Level 5.0 Stealth
 - Level 2.0 Spellcasting
 - Level 1.0 Conjurations
 + Level 7.4 Fire Magic


You had 7 spell levels left.
You knew the following spells:

 Your Spells              Type           Power      Damage    Failure   Level
a - Foxfire               Conj/Fire      72%        2x1d7     2%          1
b - Scorch                Fire           62%        2d7       1%          2

Your spell library contained the following spells:

 Spells                   Type           Power      Damage    Failure   Level
 Inner Flame              Hex/Fire       16%        N/A       11%         3
 Volatile Blastmotes      Fire/Tloc      32%        2d12      11%         3
 Ensorcelled Hibernation  Hex/Ice        4%         N/A       24%         2
 Flame Wave               Conj/Fire      18%        2d7       28%         4
 Fugue of the Fallen      Necr           2%         N/A       43%         3
 Anguish                  Hex/Necr       1%         N/A       83%         4

Inventory:

Hand Weapons
 l - a +0 mace {mace}
   (You found it on level 1 of the Dungeon)
 o - a +0 dagger (weapon) {short}
   (You took it off a kobold on level 1 of the Dungeon)
Jewellery
 c - a ring of protection from fire (left tentacle)
   (You found it on level 1 of the Dungeon)
Scrolls
 d - a scroll of immolation {unknown}
 e - a scroll of vulnerability {unknown}
 g - a scroll of fear {unknown}
 h - a scroll of blinking {unknown}
 k - a scroll of enchant armour {unknown}
 m - a scroll of enchant weapon {unknown}
 n - a scroll of teleportation {unknown}
Potions
 a - a potion of magic
 b - a potion of attraction {unknown}
 f - 2 potions of might {unknown}
 i - 3 potions of enlightenment {unknown}
 j - a potion of curing {unknown}

Dungeon Overview and Level Annotations

Branches:
Dungeon (4/15) Zot: 20062
 Temple: D:4-7

Altars:
Ashenzari
Elyvilon
Okawaru

#.#
#.###..................
#.#
##.#.##.#####..########
#.# ##..##........#
#.####...########..######
#........# #.......#
######...# ##......#
##.## #.###### #.#
######.###### #.#
#..l@.......# #.#
#.####†.....# #.# #
#..###.# .# #..# # #..#
.... ...#. ....


You could see an iguana.


Message History

You kill the gnoll!
Your Fire Magic skill increases to level 7!
You barely miss the gnoll. You grab the gnoll. You squeeze the gnoll.
You kill the gnoll!
You have reached level 7!
HP[+4] MP[+1]
You now have 41 max hp (+5).
You regained 4 hp, and now have 32/41 hp.
Casting: Scorch (safe; 1% risk of failure)
Confirm with . or Enter, or press ? or * to list all spells.
Flames lash the gnoll.
The gnoll's fire resistance burns away.
The gnoll hits you from afar with a +0 spear.
HP[-3] MP[-2]
You take 3 damage, and now have 29/41 hp.
You lost 2 mp, and now have 0/10 mp.
You don't have enough magic to cast this spell.
The gnoll hits you with a +0 spear.
Items here: ( )) †.
HP[-4]
You take 4 damage, and now have 25/41 hp.
You hit the gnoll but do no damage. Your grab misses the gnoll.
The gnoll hits you with a +0 spear.
HP[-3]
You take 3 damage, and now have 22/41 hp.
You hit the gnoll but do no damage. Your grab misses the gnoll.
You squeeze the gnoll.
You kill the gnoll!
Things that are here:
a +0 spear {polearm}; a gnoll corpse; HP[+1]
You start resting.
HP[+18] MP[+10]
Your hp is fully restored (41).
Your mp is fully restored (10).
A ball python comes into view.
Found an escape hatch in the ceiling.
A ball python is nearby!
The helpless ball python fails to defend itself.
You puncture the ball python!
You kill the ball python!
No target in view!
No target in view!
Things that are here:
a +0 whip {mace}; a gnoll corpse
Things that are here:
a +0 spear {polearm}; a gnoll corpse
Items here: ( )) †.
An iguana comes into view.
A hound comes into view.
The hound barks!
Flames lash the hound.
The hound's fire resistance burns away.
You hear an angry hiss.
The iguana hisses angrily.
MP[-2]
You lost 2 mp, and now have 8/10 mp.
Flames lash the hound.
The hound is burned terribly!
You kill the hound!
MP[-2]
You lost 2 mp, and now have 6/10 mp.
Flames lash the iguana.
The iguana's fire resistance burns away.
MP[-2]
You lost 2 mp, and now have 4/10 mp.
Flames lash the iguana.
The iguana is burned terribly!
MP[-2]
You lost 2 mp, and now have 2/10 mp.
Flames lash the iguana.
The iguana is burned terribly!
You kill the iguana!
MP[-2]
You lost 2 mp, and now have 0/10 mp.
An iguana comes into view.
MP[+1]
You see here a hound corpse.
The iguana completely misses you.
You closely miss the iguana. You grab the iguana. You squeeze the iguana!
You constrict the iguana. The iguana bites you!
HP[-12]
You take 12 damage, and now have 29/41 hp.
MASSIVE DAMAGE!! (PAUSE)
You hit the iguana. You constrict the iguana. The iguana bites you!
* * * LOW HITPOINT WARNING * * *
HP[-13]
You take 13 damage, and now have 16/41 hp.
MASSIVE DAMAGE!! (PAUSE)
You are too injured to fight recklessly!
Casting: Scorch (safe; 1% risk of failure)
Confirm with . or Enter, or press ? or * to list all spells.
You conjure some foxfire!
You constrict the iguana, but do no damage.
The iguana bites you!
* * * LOW HITPOINT WARNING * * *
HP[-9] MP[-1]
You take 9 damage, and now have 7/41 hp.
MASSIVE DAMAGE!! (PAUSE)
You lost 1 mp, and now have 0/10 mp.
You don't have enough magic to cast this spell.
You release your grip on the iguana.
You see here a hound corpse.
HP[+1]
You hit the iguana but do no damage. You grab the iguana.
You constrict the iguana, but do no damage.
The iguana bites you!
You die...

Skill      XL: |  1  2  3  4  5  6 |
---------------+-------------------+-----
Stealth        | 3 4 5 |  5.0
Fire Magic     | 4 5 7 |  7.4
Dodging        | |  2.0
Spellcasting   | |  2.0
Conjurations   | |  1.0

Action                     |  1- 3 |  4- 6 |  7- 9 || total
---------------------------+-------+-------+-------++-------
  Melee: Unarmed           |    19 |       |       ||    19
         Constrict         |    10 |     3 |     2 ||    15
         Tentacles         |     8 |     4 |     2 ||    14
         Dagger            |     9 |    18 |     6 ||    33
   Cast: Foxfire           |     5 |       |     1 ||     6
         Scorch            |    22 |    49 |     6 ||    77
   Stab: Sleeping          |     4 |     5 |     1 ||    10
 Armour: Skin              |    14 |    11 |     7 ||    32
  Dodge: Dodged            |    18 |    13 |     1 ||    32

Levels and vault maps discovered:
D:1:      scummos_arrival_checkerplants, layout_basic, minivault_5,
          hangedman_feature_mirror
D:2:      layout_loops_cross
D:3:      kb_forest_paths, layout_rooms, mainiacjoe_overflow_tiny_flanked,
          lemuel_round_altar, mainiacjoe_overflow_paths,
          hellmonk_ecumenical_altar_zigzags, uniq_sigmund
D:4:      layout_loops_ring, kennysheep_nondescript, lightli_corner_chamber

Notes
Turn   | Place    | Note
-------+----------+-------------------------------------------
     0 | D:1      | zeratav the Octopode Fire Elementalist began the quest for
                  | the Orb.
     0 | D:1      | Reached XP level 1. HP: 11/11 MP: 3/3
     0 | D:1      | magus.rc [v1.9.6]
    59 | D:1      | HP: 2/11 [dart slug (3)]
    61 | D:1      | Reached skill level 3 in Stealth
   174 | D:1      | Reached XP level 2. HP: 17/17 MP: 3/5
   216 | D:1      | Learned a level 2 spell: Scorch
   230 | D:1      | Reached skill level 4 in Stealth
   525 | D:1      | Reached XP level 3. HP: 14/21 MP: 6/6
   585 | D:1      | Reached skill level 5 in Stealth
   781 | D:1      | You pick up a book of Dreams and begin reading...
   781 | D:1      | You add the spells Ensorcelled Hibernation, Fugue of the
                  | Fallen and Anguish to your library.
  1734 | D:2      | Reached XP level 4. HP: 27/27 MP: 7/7
  1986 | D:2      | Reached skill level 4 in Fire Magic
  2660 | D:3      | Reached XP level 5. HP: 31/31 MP: 5/8
  2745 | D:3      | Noticed a black bear
  2752 | D:3      | Killed a black bear
  2753 | D:3      | Reached skill level 5 in Fire Magic
  3003 | D:3      | Found an iron altar of Okawaru.
  3109 | D:3      | Found a broken altar of Ashenzari.
  3180 | D:3      | Reached XP level 6. HP: 36/36 MP: 4/9
  3237 | D:3      | Found a faded altar of an unknown god.
  3304 | D:3      | Noticed Sigmund
  3310 | D:3      | Killed Sigmund
  3311 | D:3      | Reached skill level 6 in Fire Magic
  3656 | D:3      | Found a white marble altar of Elyvilon.
  3766 | D:4      | Reached skill level 7 in Fire Magic
  3767 | D:4      | Reached XP level 7. HP: 32/41 MP: 2/10
  3936 | D:4      | HP: 7/41 [iguana (9)]
  3938 | D:4      | Slain by an iguana

Vanquished Creatures
  Sigmund (D:3)
  A black bear (D:3)
  A hound (D:4)
  An iguana (D:4)
  3 adders (D:2)
  4 gnolls (D:4)
  2 ribbon worms
  2 dart slugs
  4 orcs (D:3)
  6 endoplasms
  3 giant cockroaches (D:1)
  6 goblins
  5 hobgoblins
  A quokka (D:1)
  8 ball pythons
  9 bats
  5 frilled lizards
  6 kobolds
  9 rats
77 creatures vanquished.

Vanquished Creatures (others)
  9 foxfires (D:1)
9 creatures vanquished.

Grand Total: 86 creatures vanquished

Table legend:
 A = Non-vault XP
 B = Vault XP
 C = Vault XP percentage of total XP
 D = Non-vault monster count
 E = Vault monster count
 F = Vault count percentage of total count
                 A         B        C        D         E       F
            +---------+---------+-------+---------+---------+-------
      Total |     468 |     255 |  35.3 |      68 |       9 |  11.7
            +---------+---------+-------+---------+---------+-------
        D:1 |      74 |       4 |   5.1 |      29 |       2 |   6.5
        D:2 |      81 |       0 |   0.0 |      16 |       0 |   0.0
        D:3 |     173 |     251 |  59.2 |      16 |       7 |  30.4
        D:4 |     140 |       0 |   0.0 |       7 |       0 |   0.0
            +---------+---------+-------+---------+---------+-------

Skill      XL: |  1  2  3  4  5  6 |
---------------+-------------------+-----
Stealth        | 3 4 5 |  5.0
Fire Magic     | 4 5 7 |  7.4
Dodging        | |  2.0
Spellcasting   | |  2.0
Conjurations   | |  1.0

Action                     |  1- 3 |  4- 6 |  7- 9 || total
---------------------------+-------+-------+-------++-------
  Melee: Unarmed           |    19 |       |       ||    19
         Constrict         |    10 |     3 |     2 ||    15
         Tentacles         |     8 |     4 |     2 ||    14
         Dagger            |     9 |    18 |     6 ||    33
   Cast: Foxfire           |     5 |       |     1 ||     6
         Scorch            |    22 |    49 |     6 ||    77
   Stab: Sleeping          |     4 |     5 |     1 ||    10
 Armour: Skin              |    14 |    11 |     7 ||    32
  Dodge: Dodged            |    18 |    13 |     1 ||    32

Illustrated notes

Table legend:
 A = Kills in this place as a percentage of kills in the entire game.
 B = Kills by you in this place as a percentage of kills by you in the entire game.
 C = Kills by friends in this place as a percentage of kills by friends in the entire game.
 D = Other kills in this place as a percentage of other kills in the entire game.
 E = Experience gained in this place as a percentage of experience gained in the entire game.
 F = Experience gained in this place divided by the number of levels of this place that you have seen.
                   A       B       C       D       E      F
               +-------+-------+-------+-------+-------+----------------------
         Total | 100.0 | 100.0 |   N/A |   N/A | 100.0 | 180.8
       Dungeon | 100.0 | 100.0 |   N/A |   N/A | 100.0 | 180.8
               +-------+-------+-------+-------+-------+----------------------

Table legend: (Time is in decaauts)
 A = Elapsed time spent in this place.
 B = Non-inter-level travel time spent in this place.
 C = Inter-level travel time spent in this place.
 D = Time resting spent in this place.
 E = Time spent auto-exploring this place.
 F = Levels seen in this place.
 G = Mean time per level.
                   A        B        C        D        E       F      G
               +--------+--------+--------+--------+--------+-----+--------+
         Total |   3936 |   3831 |    105 |    183 |   3254 |   4 |  984.0 |
       Dungeon |   3936 |   3831 |    105 |    183 |   3254 |   4 |  984.0 |
               +--------+--------+--------+--------+--------+-----+--------+

Top non-repeatable levels by time:
     D:1: 1712 daAuts
     D:3: 1161 daAuts
     D:2: 847 daAuts
     D:4: 214 daAuts
